 Dungeon Crawl Stone Soup version 0.24-a0-736-g4e6fe308c7 (webtiles) character file.

Game seed: 8160997202261166811, levelgen mode: deterministic

15619 Mame the Cleaver (level 12, 0/107 HPs)
             Began as a Hill Orc Fighter on Oct 2, 2019.
             Was a Follower of Beogh.
             Slain by a blizzard demon (1 damage)
             ... in a Gauntlet.
             The game lasted 00:52:22 (10242 turns).

Mame the Cleaver (Hill Orc Fighter)                Turns: 10242, Time: 00:52:22

Health: 0/107      AC: 18    Str: 21    XL:     12   Next: 28%
Magic:  9/17       EV:  7    Int: 13    God:    Beogh [*.....]
Gold:   473        SH: 12    Dex: 13    Spells: 11/11 levels left

rFire    . . .     SeeInvis .   O - +4 flail (freeze)
rCold    + . .     Gourm    .   c - +0 shield
rNeg     . . .     Faith    .   X - +1 chain mail of Marbles {Int+2 Dex+3}
rPois    +         Spirit   .   N - +0 helmet
rElec    .         Reflect  .   g - +0 cloak
rCorr    .         Harm     .   p - +2 pair of gloves
MR       .....     NoTele   +   (no boots)
Stlth    ..........             (no amulet)
HPRegen  0.27/turn              H - ring of poison resistance
MPRegen  0.15/turn              E - ring of protection from cold

@: drained
A: no striking features
a: Renounce Religion


You were in a Gauntlet.
You worshipped Beogh.
Beogh was aware of your devotion.
You were not hungry.

You visited 2 branches of the dungeon, and saw 9 of its levels.
You also visited: Ossuary, Bailey and Gauntlet.

You collected 473 gold pieces.

Inventory:

Hand Weapons
 b - the +8 hand axe of Plog {flame, +Rage +Fly rElec Int-2}
   (You found it on level 8 of the Dungeon)

   It has been specially enchanted to burn those struck by it, causing extra
   injury to most foes and up to half again as much damage against particularly
   susceptible opponents.
   Big, fiery blades are also staple armaments of hydra-hunters.
   It affects your intelligence (-2).
   It insulates you from electricity.
   It lets you fly.
   It lets you go berserk.
 o - a cursed +3 mace
 z - a cursed -3 hand axe
 A - a +3 shortbow
 O - a +4 flail of freezing (weapon)
 S - a +2 great sword of protection
 Y - the +8 war axe of Dismay {distort, rF+ Str+4 SInv}
   (You found it on level 8 of the Dungeon)

   It warps and distorts space around it.
   Unwielding it can cause banishment or high damage.
   It affects your strength (+4).
   It protects you from fire.
   It lets you see invisible.
Missiles
 x - 26 boomerangs (quivered)
 V - 7 atropa-tipped darts
Armour
 c - a +0 shield (worn)
 g - a +0 cloak (worn)
 j - a +1 pair of gloves
 p - a +2 pair of gloves (worn)
 s - a +0 chain mail
 N - a +0 helmet (worn)
 X - the +1 chain mail of Marbles (worn) {Int+2 Dex+3}
   (You found it on level 1 of the Lair of Beasts)

   It affects your intelligence (+2).
   It affects your dexterity (+3).
Jewellery
 l - a +2 ring of intelligence
 B - an uncursed amulet of harm
 E - a ring of protection from cold (right hand)
 H - a ring of poison resistance (left hand)
 K - an uncursed ring of stealth
Wands
 y - a wand of random effects (16)
 G - a wand of flame (19)
 P - a wand of digging (3)
Scrolls
 e - 4 scrolls of enchant armour
 n - 3 scrolls of remove curse
 v - a scroll of teleportation
 C - 3 scrolls of blinking
 I - a scroll of acquirement {unknown}
 Q - a scroll of noise {unknown}
 T - a scroll of enchant weapon
 W - 2 scrolls of fog
 Z - a scroll of amnesia
Potions
 d - a potion of flight
 i - 2 potions of heal wounds
 k - 4 potions of haste
 m - a potion of invisibility
 q - 5 potions of curing
 r - 3 potions of lignification
 t - a potion of magic
 u - a potion of mutation
 w - a potion of agility
 D - 2 potions of cancellation
 F - a potion of brilliance
 L - a potion of resistance
Miscellaneous
 a - a box of beasts
Comestibles
 f - 25 rations


   Skills:
 + Level 10.5(9.6) Fighting
 * Level 13.2(12.3) Axes
 + Level 10.5(9.6) Armour
 + Level 10.8(9.9) Shields
 + Level 6.9(6.1) Invocations


You had 11 spell levels left.
You didn't know any spells.
Your spell library contained the following spells:

 Spells                   Type           Power        Failure   Level  Hunger
 Animate Skeleton         Necr           N/A          99%         1    ##.....
 Apportation              Tloc           #.....       99%         1    ##.....
 Confusing Touch          Hex            #.....       99%         1    ##.....
 Summon Small Mammal      Summ           #...         99%         1    ##.....
 Call Canine Familiar     Summ           #.......     100%        3    ####...
 Summon Lightning Spire   Summ/Air       #.......     100%        4    #####..
 Spellforged Servitor     Conj/Summ      #.........   100%        7    #######


Dungeon Overview and Level Annotations

Branches:
Dungeon (8/15)             Temple (0/1) D:4            Lair (1/6) D:8
Ossuary (visited)          Bailey (visited)         Gauntlet (1/1)

Altars:
Ashenzari
Dithmenos
Elyvilon
Hepliaklqana
Kikubaaqudgha
Makhleb
Nemelex Xobeh
Qazlal
Sif Muna
Xom
Yredelemnul
Zin
The Shining One

Annotations:
Gauntlet 15 runed translucent doors, 9 transporters


Message History

You closely miss the blizzard demon.
The blizzard demon is almost dead.
You block the blizzard demon's attack.
The blizzard demon hits you but does no damage.
You barely miss the blizzard demon.
The blizzard demon is almost dead.
The blizzard demon gestures at you. The bolt of cold hits you!! You resist.
* * * LOW HITPOINT WARNING * * *
The white imp puffs mist at you.
You hit the blizzard demon but do no damage.
The blizzard demon is almost dead.
The blizzard demon gestures at you. The freezing blast engulfs you! You resist.
* * * LOW HITPOINT WARNING * * *
The blizzard demon is engulfed in freezing vapours.
The blizzard demon hits you!
* * * LOW HITPOINT WARNING * * *
The blizzard demon hits you.
You die...

##.##..######..#.P#.Z#######535.#
^....#.#...#=.#..#...#...#©######
......t#...#k#ZZ#Z...#...##......
########§..###########§§.########
.......§§≈............§§.........
.......§§8≈..........§§8§........
.........≈.............§§........
########...###########...########
#..32###...#..☼☼@24..#...#...+..+
..##.###...#..☼###4○.#...#...+..+
#.###..#####[..☼#5☼..#####..##++#
#..©.###...#?#..#©.#.#...#..+...+
..#..###©.©#©.######.#©.©#©.+...#
#.###..#...#.#..#..#.#...#..+...+
##...#######(...#....#####..##++#
..##.###...#...###...#...#...'..'
#.##...#.8.#.........#.8.#...'..'


You could see a death drake, a blizzard demon, 2 ice devils, 2 spectral centaur
warriors, a spectral meliai and a white imp.

Vanquished Creatures
  An orc warlord (Bailey)
  A soul eater (Gauntlet)
  Pikel (D:4)
  An elephant (D:8)
  A spiny frog (Lair:1)
  A queen bee (D:8)
  A hippogriff (D:8)
  Sigmund (D:5)
  A yak (D:8)
  2 basilisks (D:8)
  Eustachio (D:6)
  A hungry ghost (D:8)
  Menkaure (D:4)
  A water moccasin (D:8)
  Duvessa (D:6)
  A porcupine (Lair:1)
  A sky beast (D:8)
  A hornet zombie (D:6)
  4 orc warriors
  An ice beast (D:5)
  2 centaurs (D:5)
  6 ogres
  Blork the orc (D:5)
  A gnoll sergeant (D:6)
  3 bullfrogs
  A wyvern skeleton (D:7)
  5 water moccasin zombies (Ossuary)
  Dowan (D:6)
  14 killer bees
  A scorpion (D:4)
  5 wights (D:7)
  3 howler monkeys (D:8)
  A crimson imp (D:8)
  4 hounds
  2 bullfrog skeletons
  A centaur skeleton (D:6)
  2 orc wizards
  A jelly (D:7)
  2 iguanas
  2 worker ants
  4 big kobold zombies (Ossuary)
  A hound zombie (D:7)
  2 mummies (Ossuary)
  A worker ant zombie (D:5)
  8 gnolls
  12 adders
  5 shadow imps
  2 oozes
  An adder skeleton (D:2)
  2 adder zombies (Ossuary)
  A worm (D:3)
  2 dart slugs (D:2)
  4 leopard geckos
  30 orcs
  A ball python (D:3)
  4 giant cockroaches
  3 gnoll zombies (Ossuary)
  11 goblins
  12 hobgoblins
  19 jackals
  23 kobolds
  3 quokkas
  7 bats
  4 frilled lizards
  8 hobgoblin zombies (Ossuary)
  5 kobold zombies (Ossuary)
  A leopard gecko zombie (D:7)
  5 orc zombies (Ossuary)
  A quokka skeleton (D:5)
  7 rats
271 creatures vanquished.

Vanquished Creatures (others)
  A worker ant (D:4)
  2 jackals (D:4)
  9 withered plants (Gauntlet)
12 creatures vanquished.

Grand Total: 283 creatures vanquished

Notes
Turn   | Place    | Note
-------+----------+-------------------------------------------
     0 | D:1      | Mame the Hill Orc Fighter began the quest for the Orb.
     0 | D:1      | Reached XP level 1. HP: 19/19 MP: 1/1
    31 | D:1      | Reached skill level 3 in Axes
    33 | D:1      | Reached XP level 2. HP: 19/27 MP: 2/2
  1010 | D:2      | Found a white marble altar of Elyvilon.
  1018 | D:2      | Found a glowing silver altar of Zin.
  1019 | D:2      | Found a glowing golden altar of the Shining One.
  1032 | D:2      | Reached XP level 3. HP: 31/33 MP: 3/3
  1451 | D:2      | Found a sparkling altar of Nemelex Xobeh.
  1460 | D:2      | Reached skill level 4 in Axes
  1464 | D:2      | Reached XP level 4. HP: 37/40 MP: 4/4
  1814 | D:3      | Reached XP level 5. HP: 47/47 MP: 5/5
  2074 | D:3      | Reached skill level 5 in Axes
  2149 | D:3      | Found a faded altar of an unknown god.
  2415 | D:4      | Noticed Pikel
  2415 | D:4      | Noticed a slave
  2415 | D:4      | Noticed a slave
  2415 | D:4      | Noticed a slave
  2415 | D:4      | Noticed a slave
  2437 | D:4      | Killed Pikel
  2437 | D:4      | Reached skill level 5 in Fighting
  2437 | D:4      | Reached skill level 7 in Axes
  2437 | D:4      | Reached skill level 5 in Armour
  2437 | D:4      | Reached skill level 5 in Shields
  2437 | D:4      | Reached XP level 6. HP: 41/56 MP: 6/6
  2437 | D:4      | Reached XP level 7. HP: 44/61 MP: 7/7
  2632 | D:4      | Noticed Menkaure
  2640 | D:4      | Killed Menkaure
  2885 | D:4      | Found a staircase to the Ecumenical Temple.
  3064 | D:4      | Found an ancient bone altar of Kikubaaqudgha.
  3099 | D:4      | Reached XP level 8. HP: 70/70 MP: 8/8
  3143 | D:4      | Found a stormy altar of Qazlal.
  3237 | D:4      | Found a shattered altar of Ashenzari.
  3286 | D:4      | Reached skill level 8 in Axes
  3555 | D:5      | Entered Level 5 of the Dungeon
  3671 | D:5      | Found a shadowy altar of Dithmenos.
  3773 | D:5      | Found a sand-covered staircase.
  3812 | Ossuary  | Entered an ossuary
  3959 | Ossuary  | Reached skill level 9 in Axes
  4439 | D:5      | Noticed Blork the orc
  4483 | D:4      | Reached XP level 9. HP: 76/78 MP: 9/9
  4514 | D:5      | Noticed Sigmund
  4525 | D:5      | Killed Sigmund
  4530 | D:5      | Became a worshipper of Beogh the Brigand
  4587 | D:5      | Reached skill level 10 in Axes
  4896 | D:5      | Killed Blork the orc
  5059 | D:5      | Found a burning altar of Makhleb.
  5222 | D:6      | Found a basalt altar of Yredelemnul.
  5331 | D:6      | Noticed Dowan
  5342 | D:6      | Killed Dowan
  5348 | D:6      | Noticed Duvessa
  5371 | D:6      | Killed Duvessa
  5600 | D:6      | Noticed Eustachio
  5768 | D:6      | Killed Eustachio
  6256 | D:6      | Reached skill level 11 in Axes
  6797 | D:7      | Reached * piety under Beogh
  6816 | D:7      | Reached XP level 10. HP: 73/88 MP: 10/10
  7485 | D:8      | Found a flagged portal.
  7493 | D:8      | Got a polished hand axe
  7496 | Bailey   | Entered a bailey
  7497 | Bailey   | Identified the +8 hand axe of Plog {flame, +Rage +Fly rElec
                  | Int-2} (You found it on level 8 of the Dungeon)
  7512 | Bailey   | Noticed an orc warlord
  7645 | Bailey   | Found a runed translucent gate.
  7657 | Bailey   | Found a runed translucent gate.
  7728 | Bailey   | Reached skill level 12 in Axes
  7784 | Bailey   | Found a runed translucent gate.
  7853 | Bailey   | Killed an orc warlord
  7853 | Bailey   | Reached ** piety under Beogh
  8028 | Bailey   | Identified Fouxem's Grimoire of Summoning
  8678 | D:8      | Found a hazy altar of Hepliaklqana.
  8741 | D:8      | Noticed an elephant
  8783 | D:7      | Reached XP level 11. HP: 97/97 MP: 13/13
  9220 | D:8      | Found a shimmering blue altar of Sif Muna.
  9221 | D:8      | Found a shimmering altar of Xom.
  9263 | D:8      | Reached skill level 13 in Axes
  9271 | D:8      | Found a staircase to the Lair.
  9304 | D:8      | Got an ichor-stained war axe
  9305 | D:8      | Identified the +8 war axe of Dismay {distort, rF+ Str+4
                  | SInv} (You found it on level 8 of the Dungeon)
  9509 | Lair:1   | Entered Level 1 of the Lair of Beasts
  9540 | Lair:1   | Got an ichor-stained chain mail
  9705 | Lair:1   | Found a gate leading to a gauntlet.
  9714 | Gauntlet | Entered a Gauntlet
  9714 | Gauntlet | Found a large runed translucent door.
  9714 | Gauntlet | Found a large runed translucent door.
  9714 | Gauntlet | Found a large runed translucent door.
  9714 | Gauntlet | Found a large runed translucent door.
  9714 | Gauntlet | Found a transporter.
  9714 | Gauntlet | Found a large runed translucent door.
  9714 | Gauntlet | Found a large runed translucent door.
  9714 | Gauntlet | Found a large runed translucent door.
  9714 | Gauntlet | Found a large runed translucent door.
  9714 | Gauntlet | Found a runed translucent door.
  9714 | Gauntlet | Found a runed translucent gate.
  9714 | Gauntlet | Found a transporter.
  9714 | Gauntlet | Found a transporter.
  9714 | Gauntlet | Found a runed translucent gate.
  9714 | Gauntlet | Found a transporter.
  9714 | Gauntlet | Noticed a soul eater
  9718 | Gauntlet | Found a transporter.
  9719 | Gauntlet | Found a runed translucent gate.
  9719 | Gauntlet | Found a runed translucent door.
  9723 | Gauntlet | Found a large runed translucent door.
  9723 | Gauntlet | Found a large runed translucent door.
  9727 | Gauntlet | Noticed a blizzard demon
  9728 | Gauntlet | Found a transporter.
  9729 | Gauntlet | Found the ring of Robustness {AC+8}
  9732 | Gauntlet | Found a transporter.
  9742 | Gauntlet | Found a transporter.
  9742 | Gauntlet | Noticed a cacodemon
  9787 | Gauntlet | Found a large runed translucent door.
  9787 | Gauntlet | Found a large runed translucent door.
  9790 | Gauntlet | Found a large runed translucent door.
  9790 | Gauntlet | Found a large runed translucent door.
  9791 | Gauntlet | Found a large runed translucent door.
  9792 | Gauntlet | Found a large runed translucent door.
  9821 | Gauntlet | Noticed a soul eater
  9832 | Gauntlet | Found a transporter.
  9846 | Gauntlet | Found a transporter.
  9846 | Gauntlet | Found a transporter.
  9858 | Gauntlet | Found a transporter.
  9879 | Gauntlet | Identified the +1 chain mail of Marbles {Int+2 Dex+3} (You
                  | found it on level 1 of the Lair of Beasts)
  9889 | Gauntlet | Reached skill level 10 in Fighting
  9889 | Gauntlet | Reached skill level 10 in Armour
  9889 | Gauntlet | Reached skill level 10 in Shields
  9889 | Gauntlet | Reached XP level 12. HP: 107/107 MP: 14/17
  9991 | Gauntlet | Killed a soul eater
 10242 | Gauntlet | HP: 1/107 [blizzard demon (7)]
 10242 | Gauntlet | Slain by a blizzard demon

Levels and vault maps discovered:
D:1:      wander_arrival_chamber, layout_basic
D:2:      layout_rooms, good_gods_temple_1, nemelex_dance_club_becter
D:3:      minmay_bubble_buster, layout_basic, chequers_ecumenical_altar_grove
D:4:      layout_gridville, nicolae_overflow_crystal_walls,
          kiku_gazebo_garden_becter, minmay_temple_entry_glass, first_ration,
          cheibrodos_ashenzari_chains, uniq_pikel, uniq_menkaure
D:5:      layout_loops_cross, old_standard_altar, lightli_temple_of_fire,
          chequers_ossuary_entry_cave, chequers_serial_rivers_marsh,
          roderic_three_in_a_row, chequers_avenue, uniq_sigmund,
          uniq_blork_the_orc
D:6:      layout_basic, yredelemnul_altar_generic, nicolae_lava_and_water,
          sword_in_stone, uniq_duvessa
D:7:      layout_basic
D:8:      layout_basic, lemuel_doored_altar, gammafunk_temple_overflow_statue,
          david_lair_generic, enter_bailey_2, david_nohive_1
Lair:1:   wander_river, layout_regular_city, gauntlet_entry_generic,
          minmay_hedge_maze
Gauntlet: gammafunk_gauntlet_hard_choice [gammafunk_gauntlet_arena_spirals,
          minmay_gauntlet_arena_make_your_own_arena,
          gammafunk_gauntlet_arena_arrow_garden, nicolae_gauntlet_arena_t_cross,
          nicolae_gauntlet_arena_blocks, gammafunk_gauntlet_arena_crates,
          gauntlet_exit_watery]

Skill      XL: |  1  2  3  4  5  6  7  8  9 10 11 |
---------------+----------------------------------+-----
Axes           | 3 4 7 9 11 12 13 | 13.2
Fighting       | 4 5 6 8 9 10 | 10.5
Armour         | 4 5 6 7 8 10 | 10.5
Shields        | 4 5 6 7 8 10 | 10.8
Invocations    | 3 6 |  6.9

Action                   |  1- 3 |  4- 6 |  7- 9 | 10-12 || total
-------------------------+-------+-------+-------+-------++-------
Melee: War axe           |   137 |   131 |   541 |    51 ||   860
       Hand axe          |       |       |       |   185 ||   185
       Flail             |       |       |       |    34 ||    34
Throw: Boomerang         |       |       |       |    26 ||    26
Invok: Convert to Beogh  |       |       |     1 |       ||     1
       Smiting           |       |       |       |     6 ||     6
 Abil: Evoke Berserk Rag |       |       |       |     1 ||     1
Evoke: Wand              |       |       |       |     1 ||     1
  Use: Scroll            |     3 |     4 |    10 |    12 ||    29
       Potion            |       |     3 |       |     7 ||    10
  Eat: Chunk             |     2 |     3 |    12 |    11 ||    28
       Ration            |       |       |     1 |     1 ||     2
Armor: Scale mail        |    77 |    91 |   205 |       ||   373
       Chain mail        |       |       |     4 |   160 ||   164
Dodge: Dodged            |    27 |    59 |   123 |    83 ||   292
Block: Shield            |    80 |    91 |   240 |   222 ||   633

Table legend:
 A = Non-vault XP
 B = Vault XP
 C = Vault XP percentage of total XP
 D = Non-vault monster count
 E = Vault monster count
 F = Vault count percentage of total count
                 A         B        C        D         E       F
            +---------+---------+-------+---------+---------+-------
      Total |    4551 |    7608 |  62.6 |     161 |     110 |  40.6
            +---------+---------+-------+---------+---------+-------
        D:1 |      33 |       0 |   0.0 |      20 |       0 |   0.0
        D:2 |      43 |      10 |  18.9 |      16 |       2 |  11.1
        D:3 |     108 |      50 |  31.6 |      24 |      14 |  36.8
        D:4 |     365 |     823 |  69.3 |      17 |       2 |  10.5
        D:5 |     677 |     317 |  31.9 |      29 |       2 |   6.5
        D:6 |     431 |     619 |  59.0 |      11 |       5 |  31.2
        D:7 |    1032 |      61 |   5.6 |      24 |       1 |   4.0
        D:8 |    1316 |    2174 |  62.3 |      18 |      18 |  50.0
     Lair:1 |     546 |       0 |   0.0 |       2 |       0 |   0.0
    Ossuary |       0 |     563 | 100.0 |       0 |      34 | 100.0
     Bailey |       0 |    2128 | 100.0 |       0 |      27 | 100.0
   Gauntlet |       0 |     863 | 100.0 |       0 |       5 | 100.0
            +---------+---------+-------+---------+---------+-------
